 Seeded DCSS version 0.28.0-53-g5a82cb258f (webtiles) character file.

Game seed: 1973 (custom seed)

44 Kazon the Skirmisher (level 3, -1/24 HPs)
             Began as a Kobold Fighter on July 15, 2022.
             Slain by a phantom (4 damage)
             ... on level 3 of the Dungeon.
             The game lasted 00:04:30 (1022 turns).

Kazon the Skirmisher (Kobold Fighter)               Turns: 1022, Time: 00:04:31

Health: -1/24      AC:  6    Str: 15    XL:     3   Next: 87%
Magic:  3/3        EV: 10    Int:  9    God:
Gold:   90         SH:  5    Dex: 14    Spells: 2/2 levels left

rFire   . . .      SeeInvis .   e - +2 dagger (vamp)
rCold   . . .      Faith    .   c - +0 buckler
rNeg    . . .      Spirit   .   b - +0 scale mail
rPois   .          Reflect  .   (no helmet)
rElec   .          Harm     .   (no cloak)
rCorr   .          Rampage  .   (no gloves)
Will    .....                   (no boots)
Stlth   +.........              (no amulet)
HPRegen 0.08/turn               (no ring)
MPRegen 0.08/turn               (no ring)

@: no status effects
A: small, no large weapons, nightstalker 3
a: no special abilities


You were on level 3 of the Dungeon.
You visited 1 branch of the dungeon, and saw 3 of its levels.

You collected 90 gold pieces.

Inventory:

Hand Weapons
 a - a +0 rapier
 e - a +2 vampiric dagger (weapon)
Missiles
 f - 35 stones (quivered)
Armour
 b - a +0 scale mail (worn)
 c - a +0 buckler (worn)
Scrolls
 h - a scroll of noise {unknown}
 i - a scroll of teleportation {unknown}
Potions
 d - 2 potions of might
 g - a potion of ambrosia {unknown}
 j - 2 potions of berserk rage {unknown}


   Skills:
 * Level 3.7 Fighting
 + Level 3.0 Short Blades
 + Level 2.7 Armour
 + Level 0.4 Dodging
 + Level 1.3 Stealth
 + Level 2.8 Shields


You had 2 spell levels left.
You didn't know any spells.
Your spell library was empty.

Dungeon Overview and Level Annotations

Branches:
Dungeon (2/15)

Altars:


Innate Abilities, Weirdness & Mutations

You are small and have problems with some larger weapons.
You are completely attuned to the shadows.


Message History

The bat hits you but does no damage.
The phantom hits you but does no damage.
You hit the phantom.
The phantom is severely damaged.
The bat hits you but does no damage. The phantom closely misses you.
You hit the phantom.
The phantom is almost destroyed.
The phantom hits you but does no damage.
The bat hits you but does no damage.
You hit the phantom but do no damage.
The phantom is severely damaged.
You block the bat's attack. The phantom barely misses you.
You hit the phantom.
The phantom is almost destroyed.
The bat hits you.
* * * LOW HITPOINT WARNING * * *
The bat closely misses you. The phantom hits you.
* * * LOW HITPOINT WARNING * * *
You closely miss the bat. The bat hits you but does no damage.
You block the phantom's attack.
You hit the phantom.
The phantom is almost destroyed.
The bat closely misses you. You block the phantom's attack.
You closely miss the phantom.
The phantom is almost destroyed.
The bat hits you but does no damage. You block the phantom's attack.
You barely miss the phantom.
The phantom is almost destroyed.
The bat hits you but does no damage. The phantom barely misses you.
You closely miss the phantom.
The phantom is almost destroyed.
The bat barely misses you.
You hit the bat.
The bat is moderately wounded.
The bat hits you but does no damage. You block the bat's attack.
The phantom barely misses you.
You hit the bat.
You feel better.
You kill the bat!
The phantom hits you.
You die...

#######
#......
#......
#......
#.@....
#.W....
#......
#####......
#..........
#......####
#.....§#
#..(...#
#.§..†.#


You could see a phantom.

Vanquished Creatures
  6 ball pythons
  2 endoplasms (D:1)
  2 giant cockroaches (D:1)
  2 goblins
  3 hobgoblins (D:1)
  9 jackals (D:1)
  4 kobolds (D:1)
  4 quokkas
  A bat (D:3)
  3 frilled lizards (D:1)
  3 rats (D:1)
39 creatures vanquished.

Notes
Turn   | Place    | Note
-------+----------+-------------------------------------------
     0 | D:1      | Kazon the Kobold Fighter began the quest for the Orb.
     0 | D:1      | Reached XP level 1. HP: 14/14 MP: 1/1
   218 | D:1      | Reached XP level 2. HP: 19/19 MP: 2/2
   521 | D:1      | Reached XP level 3. HP: 23/23 MP: 3/3
   552 | D:1      | Reached skill level 1 in Stealth
   975 | D:2      | You fall into a shaft and drop 1 floor!
   985 | D:3      | Noticed a phantom
  1022 | D:3      | Slain by a phantom

Illustrated notes

Levels and vault maps discovered:
D:1:      scummos_arrival_simple_crosswalls, layout_basic, minmay_tripent
D:2:      layout_basic, shapermc_ecumenical_altar_totnotflames, uniq_jessica
D:3:      minmay_skewed_foursquare, layout_basic, slow_altar_1,
          nemelex_diamond_rough_becter, mainiacjoe_overflow_surrounded_room

Skill      XL: |  1  2  3 |
---------------+----------+-----
Stealth        | 1 |  1.3
Short Blades   | 3 |  3.0
Fighting       | |  3.7
Armour         | |  2.7
Dodging        | |  0.4
Shields        | |  2.8

Action                   || total
-------------------------++-------
Melee: Dagger            ||   173
       Rapier            ||     5
Throw: Stone             ||    11
Armor: Scale mail        ||    44
Dodge: Dodged            ||    68
Block: Buckler           ||    41
